 Dungeon Crawl Stone Soup version 0.18-a0-1789-gbeff17f (webtiles) character file.

44 macross the Skirmisher (level 3, -5/29 HPs)
             Began as a Demonspawn Chaos Knight on Apr 21, 2016.
             Succumbed to their own poison gas
             ... on level 2 of the Dungeon.
             The game lasted 00:05:31 (1239 turns).

macross the Skirmisher (Demonspawn Chaos Knight)    Turns: 1239, Time: 00:05:42

Health: -5/29      AC:  5    Str: 17    XL:     3   Next: 41%
Magic:  3/3        EV: 11    Int: 13    God:    Xom [...*..]
Gold:   85         SH:  0    Dex: 12    Spells: 0 memorised, 2 levels left

rFire  . . .     SeeInvis .     l - +5 club (chaos)
rCold  . . .     Gourm    .     b - +2 leather armour
rNeg   . . .     Faith    .     (no shield)
rPois  .         Spirit   .     (no helmet)
rElec  .         Dismiss  .     (no cloak)
rCorr  .         Reflect  .     (no gloves)
SustAt .         Harm     .     (no boots)
MR     .....                    (no amulet)
Stlth  +.........               (no ring)
                                k - +4 ring of strength

@: lethally poisoned (-5 -> -67), not resistant to hostile enchantments, very
unstealthy
A: claws 1
a: Renounce Religion


You were on level 2 of the Dungeon.
You worshipped Xom.
You were a favourite toy of Xom.
You were not hungry.

You visited 1 branch of the dungeon, and saw 2 of its levels.

You collected 85 gold pieces.

Inventory:

Hand Weapons
 a - a +0 hand axe of chaos
 l - a +5 club of chaos (weapon)
Armour
 b - a +2 leather armour (worn)
Jewellery
 k - a +4 ring of strength (left claw)
Scrolls
 d - 2 scrolls of recharging {unknown}
 e - 2 scrolls of fear
 f - a scroll of magic mapping {unknown}
 g - a scroll of enchant weapon
 h - a scroll of random uselessness {unknown}
 j - a scroll of teleportation {unknown}
Potions
 i - 2 potions of brilliance {unknown}
Comestibles
 c - a slice of pizza
 m - a bread ration


   Skills:
 + Level 3.6 Fighting
 - Level 3.1 Axes
 * Level 0.1(1.8) Maces & Flails
 + Level 2.0 Armour
 + Level 1.5 Dodging


You had 2 spell levels left.
You didn't know any spells.

Dungeon Overview and Level Annotations

Branches:
Dungeon (2/15)

Altars:
Xom


Innate Abilities, Weirdness & Mutations

You have sharp fingernails.


Message History

You feel sick.
You hit the bush but do no damage.
The bush is almost destroyed.
You are engulfed in poison gas.
You are lethally poisoned!
You feel very sick.
You completely miss the bush.
The bush is almost destroyed.
You are engulfed in poison gas.
You are more poisoned.
* * * LOW HITPOINT WARNING * * *
x2 You feel very sick.
You hit the bush but do no damage.
The bush is poisoned.
Multicoloured lights dance before your eyes!
The bush is almost destroyed.
You are engulfed in poison gas.
You are more poisoned.
* * * LOW HITPOINT WARNING * * *
You die...
Xom titters!

♣♣####
♣♣§.#.##
♣♣P♣....#
♣§PP§...#
♣.♣@§§##.#
♣♣♣♣♣###.#
#..# ###
##.##
#..##..#
#.....##
#.).###
##.)..#
#.##.##


There were no monsters in sight!

Vanquished Creatures
  An adder (D:2)
  2 dart slugs (D:1)
  A ball python (D:2)
  2 giant cockroaches (D:1)
  4 goblins
  2 hobgoblins
  7 kobolds (D:1)
  6 bats
  3 giant newts (D:1)
  4 rats (D:1)
  2 fungi (D:2)
34 creatures vanquished.

Notes
Turn   | Place    | Note
--------------------------------------------------------------
     0 | D:1      | macross the Demonspawn Chaos Knight began the quest for the Orb.
     0 | D:1      | Reached XP level 1. HP: 18/18 MP: 1/1
    55 | D:1      | XOM: harmless Conj miscast
    83 | D:1      | XOM: mild Chrm miscast
   294 | D:1      | Gained mutation: You have sharp fingernails. [demonic ancestry]
   294 | D:1      | Reached XP level 2. HP: 23/24 MP: 2/2
   456 | D:1      | Reached skill level 1 in Dodging
   677 | D:1      | XOM: god gift: 13 arrows
   859 | D:2      | Reached XP level 3. HP: 15/29 MP: 3/3
   948 | D:1      | XOM: chaos upgrade
  1004 | D:1      | XOM: scenery: create altars
  1239 | D:2      | HP: 1/29 [cloud of poison gas (2)]
  1239 | D:2      | Succumbed to their own poison gas

Vault maps used:
D:1:      mushboom_english_gardens, fountainhead
D:2:      nicolae_gozag_zags_fifth_avenue, tgw_trog, first_bread,
          minmay_misc_feat_more_columns, uniq_jessica, uniq_crazy_yiuf_cottage

Skill      XL: |  1  2 |
---------------+-------+-----
Dodging        | 1 |  1.5
Axes           | 3 |  3.1
Armour         | 2 |  2.0
Fighting       | |  3.6
Maces & Flails | |  0.1

Action                   || total
-------------------------++-------
Melee: Hand axe          ||    76
       Club              ||    53
  Use: Scroll            ||     2
 Stab: Sleeping          ||     1
  Eat: Bread ration      ||     1
Armor: Leather armour    ||    54
Dodge: Dodged            ||    67
